 Dungeon Crawl Stone Soup version 0.21.1-1-g345015fe64 (webtiles) character file.

235 DildoBatman the Skirmisher (level 6, -1/50 HPs)
             Began as a Formicid Enchanter on Feb 12, 2018.
             Slain by a bullfrog (6 damage)
             ... on level 4 of the Dungeon.
             The game lasted 00:16:19 (4924 turns).

DildoBatman the Skirmisher (Formicid Enchanter)     Turns: 4924, Time: 00:16:20

Health: -1/50      AC:  6    Str: 15    XL:     6   Next: 26%
Magic:  0/9        EV: 11    Int: 14    God:
Gold:   175        SH:  0    Dex: 11    Spells: 5/9 levels left

rFire    . . .     SeeInvis +   b - +0 short sword
rCold    . . .     Gourm    .   (no shield)
rNeg     . . .     Faith    .   x - +0 ring mail
rPois    .         Spirit   .   (helmet unavailable)
rElec    .         Reflect  .   (no cloak)
rCorr    .         Harm     .   s - +0 pair of gloves
MR       .....                  (no boots)
Stlth    ++........             (no amulet)
HPRegen  0.16/turn              o - ring of flight
MPRegen  0.11/turn              (no ring)

@: no status effects
A: permanent stasis, dig shafts and tunnels, four strong arms, antennae 3
a: Dig, Shaft Self, Evoke Flight


You were on level 4 of the Dungeon.
You were not hungry.

You visited 1 branch of the dungeon, and saw 4 of its levels.

You collected 175 gold pieces.

Inventory:

Hand Weapons
 a - a +1 dagger
 b - a +0 short sword (weapon)
Armour
 s - a +0 pair of gloves (worn)
 x - a +0 ring mail (worn)
Jewellery
 o - a ring of flight (left hand)
Scrolls
 d - a scroll of immolation {unknown}
 e - 3 scrolls of blinking {unknown}
 g - 3 scrolls of remove curse {unknown}
 i - 3 scrolls of identify {unknown}
 j - 7 scrolls of teleportation {unknown}
 m - a scroll of fog {unknown}
 q - a scroll of amnesia {unknown}
Potions
 f - a potion of brilliance {unknown}
 h - a potion of degeneration {unknown}
 k - a potion of agility {unknown}
 l - a potion of heal wounds {unknown}
 n - a potion of curing
 p - a potion of mutation {unknown}
 r - 2 potions of magic {unknown}
 t - a potion of haste {unknown}
 u - a potion of berserk rage {unknown}
Books
 c - a book of Maledictions

   Spells                             Type                      Level
   a - Corona                         Hexes                        1
   b - Ensorcelled Hibernation        Hexes/Ice                    2
   c - Confuse                        Hexes                        3
   d - Tukima's Dance                 Hexes                        3
   e - Dazzling Spray                 Conjuration/Hexes            3
Comestibles
 v - 6 rations
 w - 2 chunks of flesh


   Skills:
 * Level 4.8 Fighting
 - Level 1.0 Short Blades
 - Level 3.1 Armour
 - Level 2.0 Dodging
 - Level 4.0 Stealth
 - Level 2.1 Spellcasting
 - Level 3.6 Hexes


You had 5 spell levels left.
You knew the following spells:

 Your Spells              Type           Power        Failure   Level  Hunger
a - Corona                Hex            ##.....      10%         1    #......
b - Confuse               Hex            ##......     30%         3    ###....


Dungeon Overview and Level Annotations

Branches:
Dungeon (4/15)
 Temple: D:4-7

Altars:
Gozag

Shops:
D:2 *

Annotations:
D:4 exclusions: orc priest, orc wizard and worker ant


Innate Abilities, Weirdness & Mutations

You cannot be hasted, slowed, berserked, paralysed or teleported.
You can dig through walls and to a lower floor.
Your four strong arms can wield two-handed weapons with a shield.
You have a pair of large antennae on your head. (SInv)


Message History

The bullfrog hits you. The bullfrog hits you. x2
The orc throws a tomahawk.
The tomahawk hits you.
You see here a tomahawk.
The bullfrog barely misses you. The bullfrog closely misses you.
There is an open door here.
The bullfrog hits you but does no damage.
Your magical contamination has completely faded away.
The bullfrog hits you but does no damage.
The bullfrog hits you.
Casting: Confuse
Confirm with . or Enter, or press ? or * to list all spells.
Aiming: Confuse
Press: ? - help, Shift-Dir - straight line, f/p - bullfrog
Aim: a bullfrog (chance to defeat MR: 42%)
The bullfrog resists with some effort.
The bullfrog hits you.
You die...

......##..... #.........##...#.
..........# #.........##...#.
..........# #.........##...#.
#####.....# #.........##...#
#####.....#######.........###..##
..........'.....+...>............
......{...#######.........####...
...oo{.{..# ##.........# #...
.....(###'######@#........# ####
......##.o.oO.oF##........#
##....##........##........#
##....##........##........#
......##........####.######
##..####........# #.# ##..#
#........# #.# ....# #........#
#.# ....# ##'####### #.#


You could see an ogre, a bullfrog and 3 orcs.

Vanquished Creatures
  A hound (D:4)
  2 worker ants (D:4)
  A gnoll (D:3)
  7 adders
  An ooze (D:3)
  2 worms (D:2)
  2 dart slugs (D:3)
  5 leopard geckos
  5 orcs
  9 bats
  4 giant cockroaches
  10 goblins
  4 hobgoblins
  4 frilled lizards
  7 kobolds
  7 rats
71 creatures vanquished.

Notes
Turn   | Place    | Note
-------+----------+-------------------------------------------
     0 | D:1      | DildoBatman the Formicid Enchanter began the quest for the Orb.
     0 | D:1      | Reached XP level 1. HP: 13/13 MP: 3/3
    19 | D:1      | Reached skill level 1 in Fighting
    50 | D:1      | Reached XP level 2. HP: 14/21 MP: 3/5
   567 | D:1      | Reached XP level 3. HP: 28/28 MP: 4/6
  1190 | D:2      | Reached XP level 4. HP: 30/35 MP: 4/7
  1687 | D:2      | Found Gozag's Platinum Reserve.
  1691 | D:2      | Reached skill level 1 in Armour
  1730 | D:2      | Found an opulent altar of Gozag.
  2396 | D:2      | Reached XP level 5. HP: 28/41 MP: 4/8
  2799 | D:2      | Learned a level 3 spell: Confuse
  2831 | D:3      | Noticed a bullfrog
  3913 | D:4      | Reached XP level 6. HP: 29/49 MP: 7/9
  4398 | D:4      | Noticed a phantom
  4559 | D:4      | Noticed an ogre
  4827 | D:4      | Noticed an ogre
  4924 | D:4      | Slain by a bullfrog

Skill      XL: |  1  2  3  4  5 |
---------------+----------------+-----
Fighting       | 1 2 3 4 |  4.8
Dodging        | 2 |  2.0
Armour         | 2 3 |  3.1
Stealth        | 4 |  4.0
Short Blades   | |  1.0
Spellcasting   | |  2.1
Hexes          | |  3.6

Action                   |  1- 3 |  4- 6 || total
-------------------------+-------+-------++-------
Melee: Dagger            |    78 |   119 ||   197
       Short sword       |       |   124 ||   124
 Cast: Corona            |    22 |    63 ||    85
       Confuse           |       |     9 ||     9
 Abil: Dig               |       |     8 ||     8
  Use: Potion            |       |     1 ||     1
 Stab: Sleeping          |     7 |     3 ||    10
  Eat: Chunk             |     1 |    12 ||    13
       Ration            |       |     1 ||     1
Armor: Robe              |    14 |       ||    14
       Leather armour    |       |    31 ||    31
       Ring mail         |       |    31 ||    31
Dodge: Dodged            |    52 |   164 ||   216
